Map: [ESL] Data-C

Players

Serral

  • Race: Zerg Zerg
  • Spawn Location: 3:00

Zoun - Winner!

  • Race: Protoss Protoss
  • Spawn Location: 9:00

Event: HomeStory Cup XXII

VOD

Have the link to the VOD?

Description

Time

  • Played on: Dec. 18, 2022, 9:47 a.m.
  • Length: 12:24

All games in this series

Show
View Real Time Build Order
Export as new Build Order

Serral Zerg 

Build Orders: Hatch First 

Get SALT Encoding   

  12  0:00  Drone  
  13  0:11  Overlord  
  13  0:16  Drone  
  14  0:30  Drone x2  
  16  0:43  Drone  
  17  0:51  Hatchery  
  17  0:54  Drone  
  17  0:58  Drone  
  18  1:08  Extractor  
  17  1:14  Spawning Pool  
  17  1:16  Drone  
  17  1:20  Drone  
  18  1:27  Drone  
  19  1:38  Drone  
  20  1:49  Overlord  
  20  2:01  Queen  
  22  2:03  Queen  
  22  2:04  Zergling x4  
  26  2:10  Drone  
  26  2:11  Metabolic Boost  
  26  2:14  Drone  
  28  2:20  Drone  
  29  2:26  Drone  
  30  2:36  Hatchery  
  29  2:41  Drone  
  29  2:42  Drone  
  31  2:47  Queen  
  33  2:52  Overlord  
  33  2:54  Drone  
  33  2:57  Drone  
  35  2:59  Drone  
  36  3:05  Overlord  
  36  3:09  Queen  
  38  3:15  Spore Crawler  
  38  3:17  Drone x2  
  39  3:20  Drone x3  
  39  3:22  Drone  
  43  3:29  Drone  
  43  3:30  Drone x2  
  43  3:34  Queen  
  46  3:39  Drone  
  46  3:40  Overlord  
  49  3:45  Queen  
  51  3:50  Spore Crawler  
  51  3:54  Drone x4  
  54  3:57  Spore Crawler  
  54  3:59  Zergling x2  
  54  4:02  Zergling x2  
  55  4:03  Drone x2  
  55  4:07  Overlord  
  55  4:08  Drone  
  58  4:10  Zergling x2  
  58  4:15  Spore Crawler, Drone  
  59  4:20  Drone x3, Evolution Chamber  
  59  4:21  Drone  
  62  4:24  Overlord  
  62  4:25  Zergling x2  
  62  4:31  Overlord  
  63  4:35  Zergling x2  
  63  4:36  Drone  
  65  4:42  Overlord  
  65  4:43  Baneling Nest  
  65  4:44  Zergling x4  
  65  4:48  Zerg Melee Weapons Level 1  
  65  4:51  Drone x6  
  71  4:56  Overlord  
  71  5:02  Extractor  
  70  5:08  Zergling x6  
  73  5:15  Drone x2, Hatchery  
  73  5:18  Zergling x2  
  73  5:19  Zergling x6  
  78  5:22  Overlord  
  78  5:25  Zergling x12  
  83  5:33  Zergling x8  
  84  5:36  Zergling x2  
  84  5:42  Zergling x2  
  86  5:43  Baneling x2  
  86  5:44  Baneling x8  
  86  5:45  Zergling x2  
  87  5:51  Zergling x8  
  87  5:53  Zergling x6  
  93  5:58  Baneling x3  
  93  6:00  Zergling x12  
  98  6:07  Baneling x2  
  97  6:17  Zergling x12  
  92  6:19  Zergling x2  
  92  6:24  Zergling x14, Roach Warren  
  86  6:28  Zergling x6  
  86  6:32  Lair  
  81  6:37  Queen x2  
  81  6:38  Drone  
  81  6:39  Drone  
  87  6:43  Drone x2  
  87  6:45  Drone  
  87  6:46  Drone x3  
  92  6:48  Drone  
  92  6:53  Drone  
  92  6:54  Drone x3  
  96  6:59  Drone x5  
  101  7:04  Zerg Missile Weapons Level 1, Extractor x2  
  101  7:05  Baneling x3  
  99  7:09  Drone x3  
  99  7:10  Extractor x2  
  99  7:12  Overlord  
  99  7:15  Overlord  
  100  7:18  Baneling  
  100  7:19  Drone x5  
  105  7:26  Roach x3  
  111  7:34  Overlord  
  111  7:36  Drone x2  
  114  7:37  Drone x5  
  114  7:39  Overlord  
  114  7:40  Roach x3  
  124  7:46  Baneling x3  
  124  7:49  Drone  
  125  7:56  Glial Reconstitution  
  125  7:59  Drone x3  
  125  8:01  Roach x7  
  142  8:09  Drone  
  142  8:10  Overlord  
  143  8:17  Drone, Extractor x2  
  143  8:18  Overlord x3  
  143  8:19  Drone  
  143  8:20  Drone, Pneumatized Carapace  
  143  8:21  Overseer  
  144  8:27  Overlord  
  144  8:30  Baneling x8  
  144  8:32  Baneling, Hatchery  
  144  8:33  Zergling x4  
  144  8:34  Zergling x12  
  151  8:35  Baneling x6  
  151  8:36  Baneling  
  153  8:41  Roach x3  
  153  8:42  Roach  
  153  8:46  Drone x2  
  153  8:47  Hatchery  
  160  8:49  Centrifugal Hooks  
  160  8:54  Overlord  
  160  8:58  Drone x2  
  160  8:59  Evolution Chamber  
  160  9:00  Infestation Pit  
  160  9:01  Zergling x4  
  160  9:02  Zergling x10  
  165  9:06  Zerg Melee Weapons Level 2  
  165  9:09  Zergling x10  
  170  9:13  Zergling x8  
  174  9:21  Drone x3  
  174  9:22  Drone  
  174  9:23  Overlord  
  178  9:25  Overlord  
  178  9:28  Zerg Ground Armor Level 1  
  178  9:30  Zergling x14  
  185  9:33  Zergling x6  
  185  9:37  Hive  
  187  9:43  Zergling x14  
  193  9:54  Zergling x12  
  193  9:59  Baneling x11  
  199  10:08  Spire  
  199  10:14  Baneling x12  
  198  10:20  Baneling  
  197  10:24  Baneling  
  197  10:25  Baneling x6  
  197  10:29  Zergling x6  
  196  10:38  Zergling x20  
  196  10:41  Drone  
  198  10:51  Baneling x4  
  197  10:58  Baneling x10  
  197  11:00  Zergling x32  
  187  11:04  Zergling x20  
  187  11:08  Zergling x6  
  169  11:13  Zergling x16  
  176  11:20  Baneling x9  
  176  11:23  Zergling x6  
  159  11:27  Zergling x8  
  144  11:33  Zergling x2  
  144  11:34  Zergling x6  
  144  11:36  Zergling x12  
  144  11:39  Zergling x6  
  132  11:44  Zergling x2  
  132  11:46  Zergling x2  
  132  11:47  Zergling x2  
  122  11:48  Baneling x4  
  122  11:50  Zergling x2  
  122  11:51  Hatchery  
  122  11:53  Zergling x4  
  113  11:57  Baneling x5  
  113  11:59  Zergling x2  
  113  12:00  Zergling x4, Ravager  
  116  12:03  Zergling x6  
  116  12:07  Ravager x4  
  121  12:08  Baneling  
  121  12:09  Baneling x4  
Show
View Real Time Build Order
Export as new Build Order

Zoun Protoss - Winner!

Build Orders: 1 Gate Expand, Oracle Opening, Phoenix Opening, Zealot Archon 

Get SALT Encoding   

  12  0:00  Probe  
  13  0:12  Probe  
  14  0:19  Pylon  
  14  0:24  Probe  
  15  0:37  Probe (Chrono Boost)  
  15  0:39  Gateway  
  16  0:47  Probe (Chrono Boost)  
  17  0:50  Assimilator  
  17  0:52  Probe (Chrono Boost)  
  19  1:04  Probe  
  19  1:16  Probe  
  20  1:29  Nexus  
  20  1:37  Cybernetics Core  
  20  1:40  Probe  
  21  1:48  Assimilator  
  21  1:52  Probe  
  22  1:55  Pylon  
  22  2:04  Probe  
  23  2:10  Adept (Chrono Boost)  
  25  2:16  Probe  
  25  2:19  Stargate  
  26  2:27  Warp Gate  
  26  2:28  Probe  
  27  2:34  Adept  
  29  2:40  Probe (Chrono Boost)  
  29  2:41  Probe (Chrono Boost)  
  31  2:50  Probe (Chrono Boost)  
  31  2:51  Probe (Chrono Boost)  
  33  2:55  Probe (Chrono Boost)  
  33  2:56  Probe  
  35  3:00  Oracle (Chrono Boost)  
  38  3:07  Probe  
  38  3:10  Probe, Pylon  
  40  3:19  Probe  
  41  3:22  Gateway  
  41  3:25  Probe  
  42  3:30  Oracle (Chrono Boost)  
  42  3:31  Probe  
  46  3:37  Probe  
  47  3:46  Probe  
  48  3:57  Nexus  
  48  3:58  Phoenix (Chrono Boost), Pylon  
  48  4:01  Probe  
  51  4:05  Probe, Assimilator  
  51  4:06  Assimilator  
  52  4:11  Pylon  
  52  4:13  Probe  
  53  4:18  Adept  
  53  4:22  Shield Battery, Probe  
  56  4:25  Probe  
  57  4:32  Twilight Council  
  57  4:33  Forge  
  57  4:34  Probe  
  58  4:38  Adept  
  58  4:39  Adept  
  58  4:45  Probe  
  63  4:47  Pylon  
  63  4:50  Probe  
  64  4:56  Gateway  
  64  4:57  Gateway  
  64  5:01  Adept, Probe (Chrono Boost)  
  64  5:05  Probe (Chrono Boost)  
  68  5:11  Probe (Chrono Boost)  
  68  5:13  Probe (Chrono Boost)  
  70  5:17  Probe (Chrono Boost)  
  70  5:20  Templar Archives, Probe (Chrono Boost)  
  72  5:22  Gateway  
  72  5:23  Gateway  
  72  5:24  Probe x2 (Chrono Boost)  
  74  5:34  Probe  
  74  5:35  Probe  
  73  5:36  Probe  
  73  5:37  Protoss Ground Weapons Level 1, Pylon  
  73  5:38  Charge (Chrono Boost)  
  74  5:46  Probe  
  74  5:47  Probe  
  74  5:48  Probe  
  77  5:50  Assimilator x2  
  77  5:54  Robotics Facility  
  77  5:58  Probe  
  77  6:00  High Templar x2  
  77  6:02  Probe  
  77  6:04  Archon  
  83  6:06  Sentry  
  83  6:07  Sentry  
  87  6:17  Zealot  
  76  6:21  Zealot  
  76  6:22  Probe x2 (Chrono Boost)  
  76  6:23  Probe (Chrono Boost)  
  75  6:34  Probe x2 (Chrono Boost)  
  75  6:35  Probe (Chrono Boost)  
  75  6:36  High Templar  
  75  6:37  High Templar  
  82  6:40  Shield Battery  
  82  6:41  Archon, Probe x3 (Chrono Boost)  
  82  6:44  Nexus  
  82  6:45  Pylon  
  85  6:48  Probe x2  
  85  6:49  Zealot x2, Probe  
  92  6:58  Warp Prism  
  92  6:59  Zealot x2  
  92  7:00  Probe  
  98  7:06  Gateway  
  98  7:07  Probe x2  
  98  7:08  Gateway  
  100  7:10  Pylon  
  100  7:12  Pylon x2  
  100  7:17  Nexus  
  100  7:20  Pylon  
  100  7:27  Gateway  
  100  7:30  Gateway  
  100  7:31  Gateway  
  100  7:33  Gateway  
  100  7:35  Photon Cannon  
  100  7:39  Observer  
  100  7:40  High Templar x4  
  100  7:42  Shield Battery  
  109  7:44  Archon x2  
  109  7:45  Photon Cannon, Probe x2  
  109  7:46  Probe  
  112  7:53  Protoss Ground Weapons Level 2 (Chrono Boost)  
  112  7:55  Robotics Bay  
  112  7:57  Probe  
  113  8:01  Probe x2  
  115  8:07  Pylon  
  115  8:13  Sentry, Observer  
  115  8:14  Zealot x6  
  115  8:16  Psionic Storm  
  129  8:25  Photon Cannon  
  129  8:26  Photon Cannon, Probe  
  129  8:27  Probe  
  131  8:30  Assimilator  
  131  8:38  High Templar  
  131  8:39  High Templar x2  
  131  8:40  Probe x3  
  131  8:41  Assimilator  
  140  8:43  Photon Cannon  
  140  8:44  High Templar  
  142  8:54  Stalker x3  
  148  8:57  Observer  
  148  8:58  Zealot x4  
  148  9:01  Blink (Chrono Boost)  
  152  9:02  Shield Battery  
  152  9:05  Shield Battery  
  152  9:08  Immortal (Chrono Boost), Photon Cannon  
  152  9:09  Pylon  
  152  9:10  Pylon  
  152  9:15  Photon Cannon  
  156  9:22  Pylon  
  156  9:25  Pylon  
  156  9:30  Pylon  
  156  9:31  High Templar x2, Pylon  
  160  9:35  Archon  
  160  9:36  Observer, High Templar x2  
  164  9:39  Immortal (Chrono Boost)  
  164  9:40  Archon  
  163  9:54  High Templar x2  
  163  9:55  Zealot x5  
  163  9:59  Archon  
  177  10:05  Zealot x2  
  181  10:11  Stalker x2  
  185  10:17  Stalker x4  
  185  10:18  Stalker  
  195  10:32  Stalker x4  
  189  10:39  Zealot x2  
  193  10:43  Photon Cannon, Stalker x2  
  193  10:45  Photon Cannon  
  193  10:49  Photon Cannon  
  195  10:53  Zealot  
  195  10:54  Zealot  
  174  11:07  Archon  
  174  11:09  Stalker x5  
  174  11:10  Stalker x4  
  172  11:13  Immortal  
  156  11:26  Zealot x2  
  152  11:32  Zealot x2  
  152  11:33  Zealot x7  
  138  11:48  Zealot x2  
  138  11:50  Immortal (Chrono Boost)  
  138  11:54  High Templar x5  
  146  11:55  Stalker, High Templar x3  
  146  11:58  Archon x3  
  146  11:59  Archon  
  160  12:07  Stalker  
  160  12:15  Nexus  
  160  12:18  Zealot x6  
Tags
 
Add a new tag
Caveats
  • Supply blocks, unpowered buildings, or Contaminate may cause inaccurate times.
  • Supply counts are checked every 10 seconds.